 Dungeon Crawl Stone Soup version 0.29-a0-824-gd827844252 (webtiles) character file.

Game seed: 11522798328770302480

368 Malachi the Magician (level 7, 0/45 HPs)
             Began as a Djinni Air Elementalist on July 10, 2022.
             Slain by a gnoll
             ... wielding a +0 spear
              (6 damage)
             ... on level 3 of the Dungeon.
             The game lasted 00:03:37 (3415 turns).

Malachi the Magician (Djinni Air Elementalist)      Turns: 3415, Time: 00:03:38

Health: 0/45       AC:  3    Str:  7    XL:     7   Next: 1%
Gold:   102        EV: 12    Int: 19    God:
                   SH:  0    Dex: 13

rFire   + + .      SeeInvis .   (no weapon)
rCold   x . .      Faith    .   (no shield)
rNeg    . . .      Spirit   .   a - +0 robe
rPois   ∞          Reflect  .   (no helmet)
rElec   .          Harm     .   (no cloak)
rCorr   .          Rampage  .   c - +0 pair of gloves
Will    +....                   (boots unavailable)
Stlth   ++........              (no amulet)
HPRegen 0.15/turn               e - ring of willpower
MPRegen 0.00/turn               (no ring)

@: flying, very slightly contaminated
A: sickness immunity, fire resistance 2, cold vulnerability 1, float, innate
caster, HP casting, extra vitality 1
a: no special abilities


You were on level 3 of the Dungeon.
You visited 1 branch of the dungeon, and saw 3 of its levels.

You collected 102 gold pieces.

Inventory:

Missiles
 i - a throwing net
Armour
 a - a +0 robe (worn)
 c - a +0 pair of gloves (worn)
Jewellery
 e - a ring of willpower (left hand)
Scrolls
 b - a scroll of identify {unknown}
 f - a scroll of noise {unknown}
 h - a scroll of torment {unknown}
 m - a scroll of amnesia {unknown}
Potions
 d - 2 potions of curing
 g - a potion of mutation {unknown}
 j - a potion of flight {unknown}
 k - 2 potions of might {unknown}
 l - a potion of attraction {unknown}


   Skills:
 - Level 2.2 Dodging
 - Level 1.5 Stealth
 * Level 5.6 Spellcasting


You had 2 spell levels left.
You knew the following spells:

 Your Spells              Type           Power      Damage    Failure   Level
a - Shock                 Conj/Air       100%       1d9       1%          1
b - Static Discharge      Conj/Air       26%        3-7/arc   1%          2
c - Swiftness             Air            26%        N/A       3%          3
d - Airstrike             Air            13%        0-5+      12%         4
e - Magic Dart            Conj           100%       1d8       1%          1
f - Searing Ray           Conj           52%        2d6       1%          2
g - Poisonous Vapours     Pois/Air       52%        N/A       1%          2
Your spell library was empty.

Dungeon Overview and Level Annotations

Branches:
Dungeon (3/15)

Altars:

Shops:
D:1 ?


Innate Abilities, Weirdness & Mutations

You are immune to sickness and miasma.
You are immune to poison.
Your flesh is very heat resistant. (rF++)
You are vulnerable to cold. (rC-)
You float through the air rather than walking.
You learn spells naturally, not from books.
Your magical power is your life essence.
You have superior vitality. (+4 MHP)


Message History

The gnoll hits you with a +0 club. The gnoll closely misses you.
Unknown command.
Casting: Static Discharge (safe; 1% risk of failure)
Confirm with . or Enter, or press ? or * to list all spells.
You miscast Static Discharge.
You are very lightly contaminated with residual magic.
Nothing appears to happen.
The gnoll misses you.
The gnoll hits you from afar with a +0 spear.
The gnoll hits you with a +0 whip.
Unknown command.
Casting: Static Discharge (safe; 1% risk of failure)
Confirm with . or Enter, or press ? or * to list all spells.
The gnoll is struck by an arc of lightning!
You kill the gnoll!
You are struck by an arc of lightning.
The lightning grounds out.
The gnoll is struck by an arc of lightning.
The gnoll is moderately wounded.
The gnoll is struck by an arc of lightning!
The gnoll is severely wounded.
The gnoll is struck by an arc of lightning.
The gnoll is heavily wounded.
The gnoll is struck by an arc of lightning.
You kill the gnoll!
The lightning grounds out.
The gnoll hits you from afar with a +0 spear.
The gnoll hits you with a +0 whip.
* * * LOW HITPOINT WARNING * * *
You have reached level 7!
The power to cast Poisonous Vapours wells up from within.
Spell assigned to 'g'.
Unknown command.
Unknown command.
Casting: Static Discharge (safe; 1% risk of failure)
Confirm with . or Enter, or press ? or * to list all spells.
The gnoll is struck by an arc of lightning!
You kill the gnoll!
You are struck by an arc of lightning.
* * * LOW HITPOINT WARNING * * *
x2 The gnoll hits you from afar with a +0 spear.
You die...

#........# .
#........# .^
#........# #.
#......<.# #..
#.g....... ..
#.........
.####^####)........
......o.@)g<.......
>....###)'#........
... .....###..... .
.......# ....
.........# ...
.<.....>.# ..
.........# .
.........#


You could see a gnoll and an orc.

Vanquished Creatures
  Sigmund (D:2)
  Terence (D:2)
  Natasha (thrice) (D:2)
  6 gnolls
  An adder (D:2)
  2 dart slugs (D:1)
  An orc (D:3)
  3 bats
  3 endoplasms
  2 giant cockroaches
  4 goblins
  3 hobgoblins
  3 jackals (D:1)
  A quokka (D:1)
  4 ball pythons (D:1)
  4 frilled lizards
  4 kobolds
  4 rats
50 creatures vanquished.

Vanquished Creatures (others)
  A rat (D:3)
  A plant (D:2)
2 creatures vanquished.

Grand Total: 52 creatures vanquished

Notes
Turn   | Place    | Note
-------+----------+-------------------------------------------
     0 | D:1      | Malachi the Djinni Air Elementalist began the quest for the
                  | Orb.
     0 | D:1      | Malachi set off with the following spells memorised: Shock,
                  | Static Discharge, Swiftness, Airstrike.
     0 | D:1      | Reached XP level 1. HP: 15/15 MP: 0/0
   269 | D:1      | Reached XP level 2. HP: 20/21 MP: 0/0
   527 | D:1      | Reached skill level 3 in Spellcasting
   544 | D:1      | Reached XP level 3. HP: 11/25 MP: 0/0
   544 | D:1      | Learned a level 1 spell: Magic Dart
   731 | D:1      | Found a faded altar of an unknown god.
   872 | D:1      | Found Irghowna's Magic Scroll Emporium.
  1813 | D:2      | Reached XP level 4. HP: 20/31 MP: 0/0
  2368 | D:2      | Noticed Sigmund
  2386 | D:2      | Killed Sigmund
  2387 | D:2      | Reached skill level 5 in Spellcasting
  2387 | D:2      | Reached XP level 5. HP: 31/35 MP: 0/0
  2387 | D:2      | Learned a level 2 spell: Searing Ray
  2387 | D:2      | Reached XP level 6. HP: 36/40 MP: 0/0
  2641 | D:2      | Noticed Natasha
  2646 | D:2      | Killed Natasha
  2708 | D:2      | Noticed Terence
  2715 | D:2      | Killed Terence
  2946 | D:2      | Noticed Natasha
  2950 | D:2      | Killed Natasha
  3071 | D:2      | Noticed Natasha
  3077 | D:2      | Killed Natasha
  3415 | D:3      | Reached XP level 7. HP: 10/45 MP: 0/0
  3415 | D:3      | Learned a level 2 spell: Poisonous Vapours
  3415 | D:3      | Slain by a gnoll

Illustrated notes

Levels and vault maps discovered:
D:1:      dpeg_arrival_solitude, layout_basic, serial_shops,
          nicolae_shop_hallway_stairs, nicolae_ecumenical_snake_handling
D:2:      layout_basic, serial_forest, infiniplex_forest_clump_large,
          infiniplex_forest_straight_2, infiniplex_forest_zigzag_1,
          infiniplex_forest_clump_tiny, infiniplex_forest_clump_tiny,
          infiniplex_forest_lined_2, infiniplex_forest_corner_1,
          infiniplex_forest_straight_4, minmay_misc_feat_ornament, uniq_terence,
          uniq_sigmund, uniq_natasha
D:3:      kennysheep_big_flooded_room, layout_basic, lemuel_tele_altar,
          lemuel_flame_loot_1

Skill      XL: |  1  2  3  4 |
---------------+-------------+-----
Spellcasting   | 3 5 |  5.6
Dodging        | |  2.2
Stealth        | |  1.5

Action                   |  1- 3 |  4- 6 |  7- 9 || total
-------------------------+-------+-------+-------++-------
Melee: Unarmed           |     1 |       |       ||     1
 Cast: Shock             |    38 |    10 |       ||    48
       Magic Dart        |    34 |    25 |       ||    59
       Static Discharge  |     1 |     9 |     1 ||    11
  Use: Potion            |       |     2 |       ||     2
Armor: Skin              |       |     4 |       ||     4
Dodge: Dodged            |    21 |     4 |       ||    25

Table legend: (Time is in decaauts)
 A = Elapsed time spent in this place.
 B = Non-inter-level travel time spent in this place.
 C = Inter-level travel time spent in this place.
 D = Time resting spent in this place.
 E = Time spent auto-exploring this place.
 F = Levels seen in this place.
 G = Mean time per level.
                   A        B        C        D        E       F      G
               +--------+--------+--------+--------+--------+-----+--------+
         Total |   3414 |   3289 |    125 |    685 |   2353 |   3 | 1138.0 |
       Dungeon |   3414 |   3289 |    125 |    685 |   2353 |   3 | 1138.0 |
               +--------+--------+--------+--------+--------+-----+--------+

Top non-repeatable levels by time:
     D:2: 2139 daAuts
     D:1: 1260 daAuts
     D:3: 13 daAuts
